 Dungeon Crawl Stone Soup version 0.29.1-4-g47bece8355 (webtiles) character file.

Game seed: 2875295847413921226

154 Theotherone the Trooper (level 5, -1/48 HPs)
             Began as a Minotaur Fighter on Dec 4, 2022.
             Slain by Grinder (2 damage)
             ... on level 3 of the Dungeon.
             The game lasted 00:08:06 (2504 turns).

Theotherone the Trooper (Minotaur Fighter)          Turns: 2504, Time: 00:08:06

Health: -1/48      AC: 10    Str: 18 (21) XL:     5   Next: 13%
Magic:  4/4        EV:  9    Int:  4 (7)  God:
Gold:   134        SH:  4    Dex:  8 (9)  Spells: 4/4 levels left

rFire   . . .      SeeInvis .   a - +0 war axe
rCold   . . .      Faith    .   c - +0 buckler
rNeg    . . .      Spirit   .   b - +0 scale mail
rPois   .          Reflect  .   e - +2 hat
rElec   .          Harm     .   q - +0 cloak
rCorr   .          Rampage  .   (no gloves)
Will    .....                   (no boots)
Stlth   ..........              (no amulet)
HPRegen 0.16/turn               (no ring)
MPRegen 0.09/turn               (no ring)

@: no status effects
A: horns 2, retaliatory headbutt
a: no special abilities


You were on level 3 of the Dungeon.
You visited 1 branch of the dungeon, and saw 3 of its levels.

You collected 134 gold pieces.

Inventory:

Hand Weapons
 a - a +0 war axe (weapon)
Armour
 b - a +0 scale mail (worn)
 c - a +0 buckler (worn)
 e - a +2 hat (worn)
 q - a +0 cloak (worn)
Scrolls
 g - a scroll of brand weapon {unknown}
 h - 3 scrolls of identify {unknown}
 i - 2 scrolls of fog {unknown}
 k - a scroll of teleportation {unknown}
 l - a scroll of torment {unknown}
 n - a scroll of magic mapping {unknown}
 p - a scroll of amnesia {unknown}
Potions
 d - a potion of might
 j - 2 potions of cancellation {unknown}
 m - 2 potions of curing
 o - 2 potions of attraction {unknown}
 r - 2 potions of heal wounds {unknown}
 s - a potion of lignification {unknown}


   Skills:
 - Level 5.0 Fighting
 + Level 5.0 Axes
 - Level 4.0 Armour
 - Level 4.0 Shields


You had 4 spell levels left.
You didn't know any spells.
Your spell library contained the following spells:

 Spells                   Type           Power      Damage    Failure   Level
 Slow                     Hex            0%         N/A       92%         1
 Summon Small Mammal      Summ           0%         N/A       92%         1
 Call Canine Familiar     Summ           0%         N/A       100%        3
 Confusing Touch          Hex            0%         N/A       100%        3
 Portal Projectile        Hex/Tloc       0%         N/A       100%        3
 Summon Guardian Golem    Hex/Summ       0%         N/A       100%        3
 Vampiric Draining        Necr           0%         2d6       100%        3
 Leda's Liquefaction      Hex/Erth       0%         N/A       100%        4


Dungeon Overview and Level Annotations

Branches:
Dungeon (3/15)

Altars:

Shops:
D:1 !

Annotations:
D:3 Grinder


Innate Abilities, Weirdness & Mutations

You have a pair of horns on your head.
You reflexively headbutt those who attack you in melee.


Message History

You suddenly lose the ability to move!
The jackal bites you. The jackal bites you. Grinder barely misses you.
The jackal bites you but does no damage.
Grinder hits you.
You writhe in agony.
* * * LOW HITPOINT WARNING * * *
The jackal bites you but does no damage.
The jackal bites you but does no damage.
Grinder hits you.
* * * LOW HITPOINT WARNING * * *
You writhe in agony.
* * * LOW HITPOINT WARNING * * *
The jackal bites you.
* * * LOW HITPOINT WARNING * * *
Grinder hits you but does no damage. The jackal bites you.
* * * LOW HITPOINT WARNING * * *
You can move again.
It was a potion of curing.
You feel better.
Grinder blinks!
You block the jackal's attack.
It was a potion of degeneration.
There was something very wrong with that liquid.
You feel weakened.
You feel dopey.
You feel clumsy. The jackal bites you.
* * * LOW HITPOINT WARNING * * *
The goblin hits you with a +0 dagger.
* * * LOW HITPOINT WARNING * * *
The jackal bites you.
* * * LOW HITPOINT WARNING * * *
You slash the goblin!
You kill the goblin!
You closely miss the jackal. The jackal barely misses you.
You furiously retaliate!
You headbutt the jackal, but do no damage.
The jackal bites you but does no damage.
You slash Grinder!
Grinder is almost dead.
You hit the jackal but do no damage. The jackal barely misses you.
Grinder hits you.
* * * LOW HITPOINT WARNING * * *
You writhe in agony.
You die...

......#.#.# ........#.#
#...#...#.# #.......#.#
#.......#.#######
....#...#.......###
#####...#.#####...###
....#...#.###≈≈...≈≈###
###.#.....#≈≈≈≈.@.≈≈≈≈#
.......≈≈≈≈≈≈##)h5##≈≈≈#
......≈≈≈≈≈≈≈#.....# ≈≈#
###.#≈≈≈.....#.....# .#
###.#≈≈....g.#.....#
....#≈≈..##'##.....#
#####≈≈..# ..#.....#
#≈≈..# ..#.....# #≈≈..#


You could see Grinder and a jackal.

Vanquished Creatures
  Robin (D:3)
  3 adders
  5 dart slugs
  7 orcs (D:3)
  7 bats
  6 endoplasms
  5 giant cockroaches
  15 goblins
  9 hobgoblins
  5 jackals (D:3)
  11 ball pythons
  3 frilled lizards
  6 kobolds
  12 rats
  A spectral hobgoblin (D:1)
96 creatures vanquished.

Vanquished Creatures (others)
  2 fungi (D:1)
2 creatures vanquished.

Grand Total: 98 creatures vanquished

Notes
Turn   | Place    | Note
-------+----------+-------------------------------------------
     0 | D:1      | Theotherone the Minotaur Fighter began the quest for the
                  | Orb.
     0 | D:1      | Reached XP level 1. HP: 19/19 MP: 0/0
    55 | D:1      | Found a faded altar of an unknown god.
    81 | D:1      | Found Zinog's Distillery.
   122 | D:1      | Reached XP level 2. HP: 22/27 MP: 1/1
   392 | D:1      | Reached XP level 3. HP: 22/33 MP: 2/2
  1599 | D:3      | Reached XP level 4. HP: 41/41 MP: 3/3
  1642 | D:3      | Noticed Robin
  1651 | D:3      | Killed Robin
  1865 | D:3      | Reached skill level 5 in Fighting
  2193 | D:3      | Reached XP level 5. HP: 42/48 MP: 4/4
  2471 | D:3      | Paralysed by a goblin for 4 turns
  2482 | D:3      | Noticed Grinder
  2487 | D:3      | Paralysed by Grinder for 5 turns
  2493 | D:3      | Reached skill level 5 in Axes
  2496 | D:3      | Paralysed by Grinder for 5 turns
  2500 | D:3      | HP: 1/48 [jackal (2)]
  2504 | D:3      | Slain by Grinder

Illustrated notes

Levels and vault maps discovered:
D:1:      dpeg_arrival_arbitrary_c, layout_basic,
          dreamdust_ecumenical_altar_drowned_temple, serial_shops, shop,
          dreamdust_mushroom_princess
D:2:      layout_rooms, grunt_decor_fettered, grunt_decor_clamped
D:3:      kennysheep_goblin_castle, layout_basic,
          minmay_fractal_squares_gapless_5, uniq_robin, uniq_grinder

Skill      XL: |  1  2  3  4  5 |
---------------+----------------+-----
Armour         | 4 |  4.0
Shields        | 4 |  4.0
Fighting       | 4 5 |  5.0
Axes           | 3 4 5 |  5.0

Action                   |  1- 3 |  4- 6 || total
-------------------------+-------+-------++-------
Melee: War axe           |   100 |    66 ||   166
       Headbutt          |    11 |     8 ||    19
  Use: Potion            |       |     3 ||     3
Armor: Scale mail        |    68 |    55 ||   123
Dodge: Dodged            |    49 |    50 ||    99
Block: Buckler           |    28 |    27 ||    55
